 Dungeon Crawl Stone Soup version 0.31-a0-187-gba352fbbf7 (webtiles) character file.

Game seed: 15295273524447825021

1272 qw the Skirmisher (level 8, -5/46 HPs)
             Began as a Deep Elf Hunter on June 22, 2023.
             Slain by a two-headed ogre
             ... wielding a +0 giant spiked club
              (20 damage)
             ... on level 6 of the Dungeon.
             The game lasted 00:01:56 (4590 turns).

qw the Skirmisher (Deep Elf Hunter)                 Turns: 4590, Time: 00:01:56

Health: -5/46      AC:  7    Str: 10    XL:     8   Next: 28%
Magic:  10/10      EV: 12    Int: 15    God:
Gold:   50         SH:  0    Dex: 18    Spells: 7/7 levels left

rFire   . . .        j - +0 arbalest (freeze)
rCold   . . .        (shield currently unavailable)
rNeg    . . .        h - +0 ring mail
rPois   .            a - +2 hat
rElec   .            (no cloak)
rCorr   .            (no gloves)
SInv    .            (no boots)
Will    .....        (no amulet)
Stlth   +            (no ring)
HPRegen 0.27/turn    (no ring)
MPRegen 0.12/turn

%: no passive effects
@: no status effects
A: no striking features
a: no special abilities


You were on level 6 of the Dungeon.
You visited 1 branch of the dungeon, and saw 6 of its levels.
You also visited: Sewer.

You collected 230 gold pieces.
You spent 180 gold pieces at shops.


   Skills:
 - Level 3.3 Fighting
 + Level 12.3 Ranged Weapons
 - Level 1.4 Armour
 - Level 4.3 Dodging
 - Level 1.2 Stealth


You had 7 spell levels left.
You didn't know any spells.
Your spell library was empty.

Inventory:

Hand Weapons
 j - a +0 arbalest of freezing (weapon)
Armour
 a - a +2 hat (worn)
 h - a +0 ring mail (worn)
Scrolls
 b - 3 scrolls of identify
 g - 4 scrolls of teleportation
Potions
 c - a potion of might
 d - a potion of mutation
 f - 4 potions of curing
 i - 8 potions of enlightenment

Dungeon Overview and Level Annotations

Branches:
Dungeon (6/15)              Sewer (visited)
 Temple: D:4-7

Altars:
Dithmenos

Shops:
D:1 :!   D:6 (


Message History

a +2 hand axe of freezing; a +0 robe
Enter note:
Enter note:
Things that are here:
a +5 morningstar; a +0 robe
Enter note:
Enter note:
i - 8 potions of enlightenment (gained 2)
You open the door.
There is an open door here.
Found a stone staircase leading down.
Enter note:
Enter note: A two-headed ogre comes into view.
It is wielding a +0 giant spiked club and a +0 giant club.
Enter note:
Enter note: You shoot a bolt.
The bolt hits the two-headed ogre!
The bolt freezes the two-headed ogre.
The two-headed ogre shouts in stereo!
The two-headed ogre is moderately wounded.
You shoot a bolt.
The bolt barely misses the two-headed ogre.
You shoot a bolt. The bolt hits the two-headed ogre.
The bolt freezes the two-headed ogre.
The two-headed ogre is moderately wounded.
You shoot a bolt.
The bolt hits the two-headed ogre but does no damage.
The two-headed ogre is moderately wounded.
You shoot a bolt. The bolt hits the two-headed ogre.
The bolt freezes the two-headed ogre.
The two-headed ogre is heavily wounded.
The two-headed ogre hits you with a +0 giant spiked club.
The two-headed ogre barely misses you.
You shoot a bolt. The bolt hits the two-headed ogre!
The bolt freezes the two-headed ogre.
The two-headed ogre is severely wounded.
The two-headed ogre hits you with a +0 giant spiked club!!
Ouch! That really hurt!
The two-headed ogre hits you with a +0 giant club!!
You die...

#.. #..........# #..
#..........# #..
#..........# #..
#..........# #..
##..........####### #..
....>.............####..
#...O..........'.....
#...@# ##......####..
####.####......# #..
#...##..)...# #..
#####..#......# #..
............###### #..
............'....# #..
...........)####.# #..
..........).# #.# #..
............# #.# #..


You could see a two-headed ogre.

Vanquished Creatures
  A water moccasin (D:5)
  An ogre (D:6)
  A centaur (D:5)
  2 phantoms
  A scorpion (D:4)
  5 wights (D:6)
  A howler monkey (D:5)
  A hound (D:5)
  2 jellies
  A sleepcap (D:4)
  Natasha (twice) (D:2)
  A sickly merfolk siren (Sewer)
  A malarious merfolk avatar (Sewer)
  10 adders
  3 gnolls (D:5)
  3 river rats
  A white imp (D:6)
  2 ufetubi (D:4)
  2 worms (D:2)
  3 dart slugs
  8 orcs
  10 ball pythons
  9 bats
  6 endoplasms
  8 giant cockroaches
  8 goblins
  12 hobgoblins
  3 kobolds
  3 quokkas
  10 frilled lizards
  31 rats
152 creatures vanquished.

Notes
Turn   | Place    | Note
-------+----------+-------------------------------------------
     0 | D:1      | qw the Deep Elf Hunter began the quest for the Orb.
     0 | D:1      | Reached XP level 1. HP: 12/12 MP: 3/3
     0 | D:1      | 0 ||| qw: Version: 0.3-a-9-g12657ce
     0 | D:1      | 0 ||| qw: Game counter: 2655
     0 | D:1      | 0 ||| qw: Always use a shield: true
     0 | D:1      | 0 ||| qw: God list: Okawaru
     0 | D:1      | 0 ||| qw: Allow faded altars: false
     0 | D:1      | 0 ||| qw: Do Orc after D:15 true
     0 | D:1      | 0 ||| qw: Do second Lair branch before Depths: true
     0 | D:1      | 0 ||| qw: Lair rune preference: random
     0 | D:1      | 0 ||| qw: Plans: Normal
     0 | D:1      | 0 ||| PLANNING D:1-11
   115 | D:1      | Reached skill level 6 in Ranged Weapons
   115 | D:1      | Reached XP level 2. HP: 16/16 MP: 4/4
   146 | D:1      | Found Woduol's Distillery.
   151 | D:1      | 151 ||| SHOPLISTING 2 potions of curing (60 gold, have 7).
   151 | D:1      | 151 ||| SHOPLISTING 3 potions of might (120 gold, have 7).
   151 | D:1      | 151 ||| SHOPLISTING potion of cancellation (80 gold, have
                  | 7).
   151 | D:1      | 151 ||| SHOPLISTING potion of curing (30 gold, have 7).
   151 | D:1      | 151 ||| SHOPLISTING potion of haste (100 gold, have 7).
   151 | D:1      | 151 ||| SHOPLISTING potion of heal wounds (50 gold, have
                  | 7).
   151 | D:1      | 151 ||| SHOPLISTING potion of resistance (100 gold, have
                  | 7).
   197 | D:1      | Found Amiczias's Book Boutique.
   229 | D:1      | 229 ||| READING scroll labelled REATIF BUWK.
   351 | D:1      | Found a faded altar of an unknown god.
   499 | D:1      | 499 ||| UPGRADING to +2 hat.
   504 | D:1      | 504 ||| READING scroll labelled ZAORCH NUSA.
   509 | D:1      | 509 ||| DRINKING 2 murky black potions.
   510 | D:1      | 510 ||| DROPPING scroll of butterflies.
   526 | D:2      | Noticed Natasha
   528 | D:2      | HP: 3/16 [Natasha/magic dart (6)]
   530 | D:2      | Killed Natasha
   531 | D:2      | Reached skill level 7 in Ranged Weapons
   531 | D:2      | Reached XP level 3. HP: 4/20 MP: 5/5
   841 | D:2      | Reached XP level 4. HP: 25/25 MP: 6/6
   909 | D:2      | 909 ||| FLEEEEING.
   972 | D:2      | You fall into a shaft and drop 2 floors!
  1180 | D:4      | Reached skill level 8 in Ranged Weapons
  1569 | D:4      | 1569 ||| DROPPING +1 hat.
  1570 | D:4      | 1570 ||| READING 4 scrolls labelled ERPHES AKAO.
  1571 | D:4      | 1571 ||| READING scroll labelled QABORCH NAFFACO.
  1572 | D:4      | 1572 ||| READING scroll labelled KIK TADAPSO.
  1573 | D:4      | 1573 ||| READING 3 scrolls of identify.
  1573 | D:4      | 1573 ||| IDENTIFYING glowing puce potion
  1574 | D:4      | 1574 ||| READING 2 scrolls of identify.
  1574 | D:4      | 1574 ||| IDENTIFYING clear potion
  1582 | D:3      | 1582 ||| PLANNING SEWER
  1612 | D:3      | Found a glowing drain.
  1709 | Sewer    | Entered a sewer
  1718 | Sewer    | Reached XP level 5. HP: 29/29 MP: 7/7
  1885 | Sewer    | Reached skill level 9 in Ranged Weapons
  1960 | Sewer    | 1960 ||| Stepping ~*~*~tactically~*~*~ (water).
  1965 | Sewer    | 1965 ||| Stepping ~*~*~tactically~*~*~ (water).
  1983 | Sewer    | Reached skill level 3 in Dodging
  2089 | Sewer    | 2089 ||| UPGRADING to +0 scale mail.
  2099 | Sewer    | 2099 ||| DROPPING +0 leather armour.
  2100 | Sewer    | 2100 ||| READING 2 scrolls of identify.
  2100 | Sewer    | 2100 ||| IDENTIFYING fizzy purple potion
  2101 | Sewer    | 2101 ||| DROPPING potion of degeneration.
  2152 | D:3      | 2152 ||| PLANNING D:1-11
  2230 | D:3      | 2230 ||| UPGRADING to +0 ring mail.
  2240 | D:3      | 2240 ||| DROPPING +0 scale mail.
  2245 | D:3      | 2245 ||| FLEEEEING.
  2246 | D:3      | 2246 ||| FLEEEEING.
  2247 | D:3      | 2247 ||| FLEEEEING.
  2248 | D:3      | 2248 ||| STAIRDANCE
  2252 | D:2      | Noticed Natasha
  2260 | D:2      | Killed Natasha
  2261 | D:2      | Reached XP level 6. HP: 14/35 MP: 8/8
  2846 | D:2      | 2846 ||| READING scroll labelled BIETASM REIKIDD.
  2847 | D:2      | 2847 ||| DRINKING 2 pink potions.
  2849 | D:2      | 2849 ||| Stepping ~*~*~tactically~*~*~ (cloud).
  3082 | D:3      | Found a shadowy altar of Dithmenos.
  3264 | D:3      | 3264 ||| READING scroll labelled SOREAC ILIOCI.
  3563 | D:5      | Entered Level 5 of the Dungeon
  3563 | D:5      | Noticed a water moccasin
  3567 | D:5      | Killed a water moccasin
  3568 | D:5      | Reached skill level 10 in Ranged Weapons
  3568 | D:5      | Reached XP level 7. HP: 35/40 MP: 9/9
  3568 | D:5      | 3568 ||| STAIRDANCE
  3688 | D:5      | 3688 ||| FLEEEEING.
  3839 | D:5      | Reached skill level 11 in Ranged Weapons
  3912 | D:5      | 3912 ||| SWAPPING to +0 orcbow.
  3913 | D:5      | 3913 ||| DROPPING +0 shortbow of electrocution.
  4184 | D:5      | 4184 ||| DROPPING scarf of shadows.
  4185 | D:5      | 4185 ||| READING 4 scrolls of identify.
  4185 | D:5      | 4185 ||| IDENTIFYING murky purple potion
  4186 | D:5      | 4186 ||| DROPPING potion of attraction.
  4217 | D:6      | Found Zoobarep's Antique Weapon Shoppe.
  4221 | D:6      | Reached skill level 12 in Ranged Weapons
  4228 | D:6      | 4228 ||| BUYING glowing arbalest (180 gold).
  4228 | D:6      | Bought a glowing arbalest for 180 gold pieces
  4228 | D:6      | 4228 ||| SWAPPING to +0 arbalest of freezing.
  4229 | D:6      | 4229 ||| DROPPING +0 orcbow.
  4386 | D:6      | Reached skill level 1 in Armour
  4386 | D:6      | Reached XP level 8. HP: 44/44 MP: 10/10
  4397 | D:6      | HP: 10/45 [wight/+2 hand axe of freezing (2)]
  4398 | D:6      | 4398 ||| READING 5 scrolls of teleportation.
  4398 | D:6      | HP: 3/45 [wight/+2 hand axe of freezing (2)]
  4399 | D:6      | 4399 ||| DRINKING potion of heal wounds.
  4520 | D:6      | Reached skill level 3 in Fighting
  4584 | D:6      | Noticed a two-headed ogre
  4590 | D:6      | Slain by a two-headed ogre

Levels and vault maps discovered:
D:1:      lightli_arrival_noodles, layout_basic,
          chequers_ecumenical_altar_island, serial_shops,
          nicolae_book_shop_shelving, nicolae_shop_rolling_square,
          minmay_tetromino_o2
D:2:      layout_basic, minivault_24, uniq_natasha
D:3:      layout_rooms, lemuel_doored_altar, portal_sewer_entry_a
D:4:      layout_gridville, grunt_ministairs_4, hellmonk_no_cap
D:5:      layout_basic, kennysheep_generic_room_7
D:6:      layout_basic, serial_shops, shop, minivault_11

Skill      XL: |  1  2  3  4  5  6  7  8 |
---------------+-------------------------+-----
Ranged Weapons | 6 7 8 9 10 12 | 12.3
Dodging        | 3 4 |  4.3
Fighting       | 2 3 |  3.3
Armour         | 1 |  1.4
Stealth        | |  1.2

Action                     |  1- 3 |  4- 6 |  7- 9 || total
---------------------------+-------+-------+-------++-------
   Fire: Shortbow          |    92 |   269 |    26 ||   387
         Orcbow            |       |       |    25 ||    25
         Arbalest          |       |       |    33 ||    33
    Use: Scroll            |     2 |     8 |     2 ||    12
         Potion            |     1 |     1 |     1 ||     3
 Armour: Leather armour    |    10 |    20 |       ||    30
         Ring mail         |       |    18 |     8 ||    26
         Scale mail        |       |     3 |       ||     3
  Dodge: Dodged            |    22 |    75 |    15 ||   112

Table legend:
 A = Non-vault XP
 B = Vault XP
 C = Vault XP percentage of total XP
 D = Non-vault monster count
 E = Vault monster count
 F = Vault count percentage of total count
                 A         B        C        D         E       F
            +---------+---------+-------+---------+---------+-------
      Total |    1397 |     421 |  23.2 |      98 |      54 |  35.5
            +---------+---------+-------+---------+---------+-------
        D:1 |      31 |       2 |   6.1 |      20 |       1 |   4.8
        D:2 |     149 |      35 |  19.0 |      31 |       1 |   3.1
        D:3 |      62 |      17 |  21.5 |      19 |       3 |  13.6
        D:4 |      34 |     129 |  79.1 |       8 |       5 |  38.5
        D:5 |     482 |     103 |  17.6 |      11 |       3 |  21.4
        D:6 |     639 |       0 |   0.0 |       9 |       0 |   0.0
      Sewer |       0 |     135 | 100.0 |       0 |      41 | 100.0
            +---------+---------+-------+---------+---------+-------
